 Dungeon Crawl Stone Soup version 0.25-a0-1079-g858b6a6ff6 (webtiles) character file.

Game seed: 8390743664173000484, levelgen mode: classic

54 Amnesiac the Cutter (level 3, -1/20 HPs)
             Began as a Vine Stalker Monk on May 16, 2020.
             Slain by a hobgoblin
             ... wielding a +0 club
              (2 damage)
             ... on level 3 of the Dungeon.
             The game lasted 00:03:06 (1827 turns).

Amnesiac the Cutter (Vine Stalker Monk)             Turns: 1827, Time: 00:03:07

Health: -1/20      AC:  2    Str: 14    XL:     3   Next: 91%
Magic:  0/4        EV: 13    Int: 10    God:
Gold:   169        SH:  0    Dex: 16    Spells: 2/2 levels left

rFire    . . .     SeeInvis .   a - +0 short sword
rCold    . . .     Gourm    .   (no shield)
rNeg     . . .     Faith    .   b - +0 robe
rPois    .         Spirit   +   (no helmet)
rElec    .         Reflect  .   (no cloak)
rCorr    .         Harm     .   (no gloves)
MR       .....                  (no boots)
Stlth    ++........             (no amulet)
HPRegen  0.06/turn              (no ring)
MPRegen  0.09/turn              (no ring)

@: no status effects
A: fangs 2, magic shield, antimagic bite, no potion heal 3, rot immunity
a: no special abilities


You were on level 3 of the Dungeon.
You were hungry.

You visited 1 branch of the dungeon, and saw 4 of its levels.

You collected 169 gold pieces.

Inventory:

Hand Weapons
 a - a +0 short sword (weapon)
 r - a cursed -3 short sword
Armour
 b - a +0 robe (worn)
 o - a scarf of harm
 q - a +0 pair of boots
Scrolls
 g - 6 scrolls of identify {!r, unknown}
 k - a scroll of magic mapping {!r, unknown}
 l - 7 scrolls of teleportation {!r, unknown}
 m - a scroll of fear {!r, unknown}
 n - 2 scrolls of amnesia {!r, unknown}
 p - 4 scrolls of remove curse {!r, unknown}
Potions
 d - a potion of stabbing {!q, unknown}
 e - a potion of heal wounds {!q}
 h - a potion of brilliance {!q, unknown}
 i - a potion of lignification {!q, unknown}
 j - a potion of mutation {!q, unknown}
Comestibles
 c - 5 rations


   Skills:
 - Level 3.0 Fighting
 * Level 3.4 Short Blades
 + Level 2.7 Dodging
 + Level 3.3 Stealth


You had 2 spell levels left.
You didn't know any spells.
Your spell library was empty.

Dungeon Overview and Level Annotations

Branches:
Dungeon (4/15)
 Temple: D:4-7

Altars:

Annotations:
D:3 Robin
D:4 exclusion: 2 worker ants, Sigmund


Innate Abilities, Weirdness & Mutations

You have extremely sharp teeth.
When hurt, damage is shared between your health and your magic reserves.
Your bite disrupts and absorbs the magic of your enemies.
Potions cannot restore your health.
You are immune to rotting.


Message History

A worm comes into view.
A worker ant and Sigmund come into view.
Sigmund is wielding a +4 scythe of flaming.
There is an open door here.
Sigmund mumbles some strange words.
Sigmund flickers and vanishes!
Deactivating autopickup; reactivate with Ctrl-A.
The worm closely misses you.
You hit the worm.
The worm is lightly wounded.
The worm bites you.
There is an open door here.
There is an open door here.
A magic dart appears from out of thin air!
The magic dart hits you.
There is a stone staircase leading up here.
You hear some strange, mumbled words.
You are confused.
In your confused state, you trip and fall back down the stairs.
Something hits you.
* * * LOW HITPOINT WARNING * * *
Something burns you.
* * * LOW HITPOINT WARNING * * *
You climb upwards.
Level annotation: Robin The hobgoblin shouts!
The ball python hisses angrily.
The hobgoblin shouts!
The kobold shouts!
Reactivating autopickup.
A bat, a worm and a hobgoblin come into view.
You hear an angry hiss.
The bat hits you.
A ball python comes into view.
The ball python completely misses you. The ball python misses you.
Found a helmet, 30 arrows and a glowing bone ring.
Found a stone staircase leading up.
There is a stone staircase leading down here.
You hit the ball python.
You kill the ball python!
The bat hits you.
* * * LOW HITPOINT WARNING * * *
Okay, then.
You're too confused to move!
The bat barely misses you. The hobgoblin barely misses you.
Really quaff
e - 2 fuming white potions {!q}?
It was a potion of heal wounds {!q}.
That seemed strangely inert.
You feel less confused. The bat barely misses you. The hobgoblin hits you.
* * * LOW HITPOINT WARNING * * *
The hobgoblin closely misses you. The hobgoblin misses you.
The kobold throws a stone.
The stone hits you but does no damage.
You see here a stone.
You aren't carrying any items that you can evoke.
You hit the hobgoblin.
The hobgoblin is moderately wounded.
The bat hits you.
* * * LOW HITPOINT WARNING * * *
The hobgoblin hits you with a +0 club.
* * * LOW HITPOINT WARNING * * *
The hobgoblin hits you but does no damage. x2
You closely miss the hobgoblin.
The hobgoblin is moderately wounded.
The hobgoblin closely misses you. The hobgoblin hits you with a +0 club.
You die...

##
#........#
##=(......##
#..........#
#......<...#
#..........#
#.........[#
#.......S..#
#....wggg#
##...Kb@##
########


You could see a worm, 3 hobgoblins, a bat, a ball python and a kobold.

Vanquished Creatures
  A worm (D:3)
  A leopard gecko (D:2)
  2 orcs (D:3)
  9 bats
  2 giant cockroaches
  4 goblins
  14 hobgoblins
  2 kobolds (D:2)
  A ball python (D:3)
  2 frilled lizards
  5 rats
43 creatures vanquished.

Notes
Turn   | Place    | Note
-------+----------+-------------------------------------------
     0 | D:1      | Amnesiac the Vine Stalker Monk began the quest for the Orb.
     0 | D:1      | Reached XP level 1. HP: 11/11 MP: 2/2
   206 | D:1      | Reached XP level 2. HP: 11/16 MP: 3/3
   595 | D:2      | Reached XP level 3. HP: 20/20 MP: 4/4
  1370 | D:3      | Noticed Robin
  1804 | D:4      | Noticed Sigmund
  1826 | D:3      | HP: 1/20 [hobgoblin/+0 club (1)]
  1827 | D:3      | Slain by a hobgoblin

Illustrated notes

Levels and vault maps discovered:
D:1:      psy_arrival_whirlpool, layout_basic
D:2:      layout_loops_corners, first_ration
D:3:      layout_rooms, uniq_robin, uniq_crazy_yiuf_cottage
D:4:      layout_gridville, temple_fountains, uniq_sigmund

Skill      XL: |  1  2 |
---------------+-------+-----
Fighting       | 3 |  3.0
Short Blades   | 3 |  3.4
Stealth        | 3 |  3.3
Dodging        | |  2.7

Action                   || total
-------------------------++-------
Melee: Short sword       ||    94
       Bite              ||    25
Throw: Dart              ||    92
  Use: Potion            ||     1
 Stab: Sleeping          ||     2
  Eat: Chunk             ||     2
Armor: Robe              ||    12
Dodge: Dodged            ||    57

Table legend:
 A = Non-vault XP
 B = Vault XP
 C = Vault XP percentage of total XP
 D = Non-vault monster count
 E = Vault monster count
 F = Vault count percentage of total count
                 A         B        C        D         E       F
            +---------+---------+-------+---------+---------+-------
      Total |      76 |       2 |   2.6 |      42 |       1 |   2.3
            +---------+---------+-------+---------+---------+-------
        D:1 |      33 |       0 |   0.0 |      21 |       0 |   0.0
        D:2 |      25 |       0 |   0.0 |      13 |       0 |   0.0
        D:3 |      16 |       0 |   0.0 |       7 |       0 |   0.0
        D:4 |       2 |       2 |  50.0 |       1 |       1 |  50.0
            +---------+---------+-------+---------+---------+-------
